 Dungeon Crawl Stone Soup version 0.27.0-1-g7a089689b8 (webtiles) character file.

Game seed: 13371995535125060516

40 nicksoapdish the Insei (level 3, 0/23 HPs)
             Began as an Octopode Transmuter on Aug 7, 2021.
             Succumbed to an adder's poison
             ... on level 3 of the Dungeon.
             The game lasted 00:04:35 (1603 turns).

nicksoapdish the Insei (Octopode Transmuter)        Turns: 1603, Time: 00:04:36

Health: 0/23       AC:  1    Str:  9    XL:     3   Next: 50%
Magic:  4/6        EV: 13    Int: 16    God:
Gold:   56         SH:  0    Dex: 12    Spells: 0/6 levels left

rFire    + . .     SeeInvis .     - Unarmed
rCold    + . .     Faith    .   (no shield)
rNeg     + . .     Spirit   .   (helmet currently unavailable)
rPois    +         Reflect  .   (no amulet)
rElec    +         Harm     .   f - ring of positive energy
rCorr    +         Rampage  .   (no ring)
Will     .....                  (no ring)
Stlth    +++.......             (no ring)
HPRegen  0.07/turn              (no ring)
MPRegen  0.10/turn              (no ring)
                                (no ring)
                                (no ring)

@: lethally poisoned (0 -> -2), appendages (expiring), resistant, wereblooded
A: tentacle spike 3, almost no armour, amphibious, 8 rings, camouflage 1,
gelatinous body 1, (nimble swimmer 1), tentacles
a: End Transformation


You were on level 3 of the Dungeon.
One of your tentacles had grown a beastly spike.
You visited 1 branch of the dungeon, and saw 3 of its levels.

You collected 56 gold pieces.

Inventory:

Armour
 h - a +2 hat (melded)
Jewellery
 f - a ring of positive energy (left tentacle)
Wands
 e - a wand of iceblast (8)
 g - a wand of digging (7)
Scrolls
 c - 3 scrolls of teleportation
 d - a scroll of summoning
Potions
 a - a potion of mutation
 b - a potion of resistance


   Skills:
 - Level 1.0 Fighting
 - Level 2.0 Dodging
 * Level 2.2 Stealth
 - Level 3.0 Unarmed Combat
 + Level 2.4 Spellcasting
 * Level 2.8 Transmutations
 * Level 0.3 Poison Magic


You couldn't memorise any spells.
You knew the following spells:

 Your Spells              Type           Power      Damage    Failure   Level
a - Beastly Appendage     Tmut           22%        N/A       6%          1
b - Wereblood             Tmut           11%        N/A       10%         2
c - Spider Form           Tmut/Pois      3%         N/A       30%         3

Your spell library contained the following spells:

 Spells                   Type           Power      Damage    Failure   Level
 Magic Dart               Conj           4%         1d3       21%         1
 Searing Ray              Conj           2%         3d3       30%         2
 Ozocubu's Armour         Ice            1%         N/A       52%         3
 Ice Form                 Ice/Tmut       6%         N/A       73%         4
 Fulminant Prism          Conj/Hex       0%         3d6       89%         4
 Metabolic Englaciation   Hex/Ice        0%         N/A       99%         5
 Simulacrum               Ice/Necr       0%         N/A       100%        6


Dungeon Overview and Level Annotations

Branches:
Dungeon (3/15)

Altars:


Innate Abilities, Weirdness & Mutations

One of your tentacles has grown a beastly spike.
You cannot wear most types of armour.
You are amphibious.
You can wear up to eight rings at the same time.
Your skin changes colour to match your surroundings (Stealth+).
Your rubbery body absorbs attacks. (AC +1, EV +1)
((You are camouflaged near water. (Stealth+)))
You have tentacles for arms and can constrict up to eight enemies at once.


Message History

The adder closely misses you.
You closely miss the adder. You grab the adder. You constrict the adder.
The adder bites you.
You are poisoned.
The adder poisons you! The adder bites you.
You are more poisoned.
The adder poisons you!
You tentacle-slap the adder.
The adder is moderately wounded.
You constrict the adder.
You feel very sick. The adder closely misses you.
You tentacle-slap the adder but do no damage.
The adder is heavily wounded.
You constrict the adder.
You feel sick. The adder bites you.
You are lethally poisoned!
The adder poisons you!
You tentacle-slap the adder but do no damage.
You pierce the adder, but do no damage.
The adder is severely wounded.
You constrict the adder.
You feel a bit better.
You kill the adder!
You feel very sick.
Okay, then.
You feel protected.
Your transformation is almost over.
You feel sick.
As you read the scroll labelled LOTWEW LOMYAPT, it crumbles to dust.
It is a scroll of enchant armour.
You aren't carrying any armour which can be enchanted further.
* * * LOW HITPOINT WARNING * * *
You feel sick.
* * * LOW HITPOINT WARNING * * *
You feel sick.
* * * LOW HITPOINT WARNING * * *
You feel sick.
* * * LOW HITPOINT WARNING * * *
You feel sick.
* * * LOW HITPOINT WARNING * * *
You feel sick.
You die...

..... ..K....<. #...
......##. #.( ..... ##
#†# .... # #.# ... ###
#.# #.. ..# #.# #.#
#.# #.####### #.# #.#
##..@....# ##.#####.#
##...####.###...##....
#.###.............#..#
#.# #..##.###...##.#.#
#.###.###.# ##.#####.#
##...## #.# #.......#
##.#####.# #.#######
#.......# #.#
######### #.#


There were no monsters in sight!

Vanquished Creatures
  An adder (D:3)
  A worm (D:2)
  A dart slug (D:2)
  2 bats (D:1)
  6 endoplasms (D:1)
  2 giant cockroaches (D:2)
  A goblin (D:1)
  2 hobgoblins
  A ball python (D:3)
  2 frilled lizards
  3 kobolds
  3 rats (D:1)
25 creatures vanquished.

Notes
Turn   | Place    | Note
-------+----------+-------------------------------------------
     0 | D:1      | nicksoapdish the Octopode Transmuter began the quest for
                  | the Orb.
     0 | D:1      | Reached XP level 1. HP: 13/13 MP: 3/3
   100 | D:1      | Reached skill level 1 in Stealth
   431 | D:1      | Reached XP level 2. HP: 16/18 MP: 3/5
   434 | D:1      | Learned a level 2 spell: Wereblood
  1186 | D:2      | Reached XP level 3. HP: 23/23 MP: 2/6
  1281 | D:2      | Learned a level 3 spell: Spider Form
  1602 | D:3      | HP: 1/23 [poisoned by an adder]
  1603 | D:3      | Succumbed to an adder's poison

Illustrated notes

Levels and vault maps discovered:
D:1:      minmay_arrival_diagonal_passages, layout_loops_ring
D:2:      layout_rooms
D:3:      layout_loops_corners, nicolae_tso_carved_into_rock,
          serial_park_tiny_1, chequers_jeans, cheibrodos_gnoll_hut, uniq_terence

Skill      XL: |  1  2 |
---------------+-------+-----
Stealth        | 1 2 |  2.2
Fighting       | |  1.0
Dodging        | |  2.0
Unarmed Combat | |  3.0
Spellcasting   | |  2.4
Transmutations | |  2.8
Poison Magic   | |  0.3

Action                   || total
-------------------------++-------
Melee: Unarmed           ||    60
       Constrict         ||    13
       Kick              ||    11
       Tentacles         ||     9
       Punch             ||     1
 Cast: Beastly Appendage ||    19
       Wereblood         ||     6
  Use: Scroll            ||     5
       Potion            ||     1
 Stab: Sleeping          ||     6
Armor: Skin              ||     9
Dodge: Dodged            ||    25
